 Dungeon Crawl Stone Soup version 0.31-a0-743-g45f7035092 (webtiles) character file.

Game seed: 13540966455680763635

660 ooooo the Conjurer (level 7, -2/47 HPs)
             Began as an Octopode Conjurer on Sept 13, 2023.
             Was an Initiate of Gozag.
             Slain by an orc warrior
             ... wielding a +0 battleaxe
              (10 damage)
             ... on level 5 of the Dungeon.
             The game lasted 00:08:32 (4624 turns).

ooooo the Conjurer (Octopode Conjurer)              Turns: 4624, Time: 00:08:32

Health: -2/47      AC:  1    Str:  7    XL:     7   Next: 56%
Magic:  4/13       EV: 14    Int: 22    God:    Gozag
Gold:   251        SH:  0    Dex: 10    Spells: 11/14 levels left

rFire   . . .        (no weapon)
rCold   . . .        (no shield)
rNeg    . . .        (helmet restricted)
rPois   .            (no amulet)
rElec   .            e - ring of flight
rCorr   .            (no ring)
SInv    .            (no ring)
Will    .....        (no ring)
Stlth   +++          (no ring)
HPRegen 0.27/turn    (no ring)
MPRegen 0.13/turn    (no ring)
                     (no ring)

%: no passive effects
@: flying, hasted, very quick
A: almost no armour, amphibious, 8 rings, camouflage 1, gelatinous body 1,
(nimble swimmer 1), tentacles
a: Renounce Religion, Potion Petition, Call Merchant, Bribe Branch


You were on level 5 of the Dungeon.
You worshipped Gozag.
Gozag was aware of your devotion.
You visited 2 branches of the dungeon, and saw 6 of its levels.

You collected 291 gold pieces.
You paid 40 gold pieces to Gozag.

Inventory:

Jewellery
 e - a ring of flight (left tentacle)
 g - a ring of willpower
Scrolls
 b - a scroll of immolation {unknown}
 i - 3 scrolls of teleportation {unknown}
 j - a scroll of brand weapon {unknown}
 k - 2 scrolls of amnesia {unknown}
 l - a scroll of enchant weapon {unknown}
 m - 2 scrolls of revelation {unknown}
 n - 2 scrolls of silence {unknown}
Potions
 a - a potion of magic
 c - a potion of ambrosia {unknown}
 d - a potion of haste
 f - a potion of berserk rage {unknown}
 h - 2 potions of attraction {unknown}
 o - a potion of resistance {unknown}


   Skills:
 + Level 3.7 Fighting
 + Level 4.3 Dodging
 - Level 2.7 Stealth
 + Level 4.1 Spellcasting
 + Level 5.6 Conjurations


You had 11 spell levels left.
You knew the following spells:

 Your Spells              Type           Power      Damage    Failure   Level
a - Searing Ray           Conj           58%        2d6       1%          2
b - Magic Dart            Conj           100%       1d8       1%          1

Your spell library contained the following spells:

 Spells                   Type           Power      Damage    Failure   Level
 Dazzling Flash           Conj/Hex       32%        N/A       11%         3
 Ensorcelled Hibernation  Hex/Ice        8%         N/A       17%         2
 Jinxbite                 Hex            8%         N/A       17%         2
 Fulminant Prism          Conj/Hex       8%         3d7       34%         4
 Iskenderun's Mystic Bla  Conj/Tloc      16%        2d5       34%         4
 Anguish                  Hex/Necr       2%         N/A       73%         4


Dungeon Overview and Level Annotations

Branches:
Dungeon (5/15) Zot: 25387  Temple (1/1) D:4 Zot: 5989

Altars:
Cheibriados
Dithmenos
Fedhas
Gozag
Hepliaklqana
Kikubaaqudgha
Makhleb
Okawaru
Ru
Sif Muna
Trog
Uskayaw
Vehumet
Xom
Zin
The Shining One

Shops:
D:2 ([*

Annotations:
D:2 1 runed translucent door, Crazy Yiuf, Sigmund


Innate Abilities, Weirdness & Mutations

You cannot wear most types of armour.
You are amphibious.
You can wear up to eight rings at the same time.
Your skin changes colour to match your surroundings (Stealth+).
Your rubbery body absorbs attacks. (AC +1, EV +1)
((You are camouflaged when in or above water. (Stealth+)))
You have tentacles for arms and can constrict up to eight enemies at once.


Message History

Confirm with . or Enter, or press ? or * to list all spells.
Aiming: Searing Ray (safe; 1% risk of failure)
Press: ? - help, Shift-Dir - straight line, f - orc warrior
Aim: an orc warrior, wielding a +0 battleaxe and wearing a +0 plate armour (wandering, hasn't noticed you, 79% to hit)
The searing ray hits the orc warrior but does no damage.
The orc warrior shouts! (Press . to maintain the ray.)
The searing ray hits the orc warrior but does no damage.
The searing ray hits the orc warrior.
The orc warrior is lightly wounded.
The searing ray hits the orc warrior but does no damage.
The orc warrior is lightly wounded.
You finish channelling your searing ray.
The orc warrior hits you with a +0 battleaxe!
You aren't carrying any items that you can evoke.
Okay, then.
Casting: Searing Ray (safe; 1% risk of failure)
Confirm with . or Enter, or press ? or * to list all spells.
Aiming: Searing Ray (safe; 1% risk of failure)
Press: ? - help, Shift-Dir - straight line, f/p - orc warrior
Aim: an orc warrior, wielding a +0 battleaxe and wearing a +0 plate armour (lightly wounded, 79% to hit)
The searing ray hits the orc warrior.
The orc warrior is lightly wounded. (Press . to maintain the ray.)
The orc warrior hits you with a +0 battleaxe!!
The searing ray hits the orc warrior.
The orc warrior is moderately wounded.
The orc warrior hits you with a +0 battleaxe.
* * * LOW HITPOINT WARNING * * *
The searing ray misses the orc warrior.
The orc warrior hits you with a +0 battleaxe!
* * * LOW HITPOINT WARNING * * *
The searing ray hits the orc warrior but does no damage.
The orc warrior is moderately wounded.
You finish channelling your searing ray.
The orc warrior completely misses you.
It was a potion of haste.
You feel yourself speed up.
The orc warrior hits you with a +0 battleaxe!
You die...
Your body crumbles into a pile of gold.

#.....#
##...## ##.##
#)# #$# ##$##
##.$.## .
##....>#....
#...@....#
#....o.$..#
+.........'..
#.........###
##........#
##[....#...
##...######
##'##


You could see an orc warrior.

Vanquished Creatures
  An ice beast (D:4)
  A phantom (D:4)
  A howler monkey (D:4)
  A jelly (D:5)
  2 hounds
  A gnoll bouda (D:4)
  3 iron imps (D:3)
  3 orc wizards (D:5)
  4 gnolls
  8 adders
  2 worms (D:2)
  2 dart slugs
  5 orcs
  6 ball pythons
  3 bats
  4 endoplasms
  A giant cockroach (D:1)
  6 goblins
  5 hobgoblins
  3 quokkas
  10 kobolds
  3 rats
75 creatures vanquished.

Notes
Turn   | Place    | Note
-------+----------+-------------------------------------------
     0 | D:1      | ooooo the Octopode Conjurer began the quest for the Orb.
     0 | D:1      | Reached XP level 1. HP: 11/11 MP: 3/3
   168 | D:1      | Found a faded altar of an unknown god.
   200 | D:1      | Reached XP level 2. HP: 18/18 MP: 0/5
   592 | D:1      | Reached skill level 1 in Fighting
   848 | D:1      | Learned a level 2 spell: Searing Ray
   849 | D:2      | Found Axku's Antique Armour Emporium.
   852 | D:2      | Reached XP level 3. HP: 23/23 MP: 3/6
  1084 | D:2      | Noticed Sigmund
  1250 | D:2      | Found Mive's Weapon Boutique.
  1317 | D:2      | Reached XP level 4. HP: 28/28 MP: 1/7
  1556 | D:2      | Found Irir's Assorted Antiques.
  1687 | D:2      | Found a runed translucent door.
  1688 | D:2      | Noticed Crazy Yiuf
  2644 | D:3      | Found a burning altar of Makhleb.
  2651 | D:3      | Reached XP level 5. HP: 34/34 MP: 5/9
  2995 | D:3      | Found an ancient bone altar of Kikubaaqudgha.
  3295 | D:4      | Noticed a phantom
  3295 | D:4      | Noticed an ice beast
  3324 | D:4      | Killed a phantom
  3325 | D:4      | Reached skill level 5 in Conjurations
  3325 | D:4      | Reached XP level 6. HP: 41/41 MP: 4/11
  3507 | D:4      | Found a staircase to the Ecumenical Temple.
  3516 | Temple   | Entered the Ecumenical Temple
  3522 | Temple   | Became a worshipper of Gozag Ym Sagoz the Greedy
  3558 | D:4      | Killed an ice beast
  3718 | D:4      | Reached XP level 7. HP: 44/46 MP: 1/12
  3883 | D:4      | Found a bloodstained altar of Trog.
  3883 | D:4      | Found a glowing golden altar of the Shining One.
  4445 | D:5      | Entered Level 5 of the Dungeon
  4624 | D:5      | Slain by an orc warrior

Illustrated notes

Levels and vault maps discovered:
D:1:      roderic_crossed_star, layout_basic, ebering_ecumenical_altar_ruins
D:2:      layout_basic, serial_shops, nicolae_shop_tiny_waterfront,
          nicolae_shop_overgrown_old_shop, nicolae_shop_behind_doors,
          uniq_sigmund, uniq_crazy_yiuf_cottage
D:3:      layout_rooms, demons_altar, lemuel_crystal_altar
D:4:      layout_gridville, chequers_temple_overflow_statue_of_worship,
          minmay_temple_entry_poolview, kennysheep_generic_room_5
D:5:      layout_loops_corners
Temple:   hellmonk_temple_two_chambers

Skill      XL: |  1  2  3  4  5  6  7 |
---------------+----------------------+-----
Fighting       | 1 2 3 |  3.7
Dodging        | 3 4 |  4.3
Spellcasting   | 3 4 |  4.1
Conjurations   | 5 |  5.6
Stealth        | |  2.7

Action                     |  1- 3 |  4- 6 |  7- 9 || total
---------------------------+-------+-------+-------++-------
  Melee: Unarmed           |     5 |     3 |       ||     8
         Tentacles         |     1 |     2 |       ||     3
         Constrict         |     1 |     1 |       ||     2
   Cast: Magic Dart        |    39 |       |       ||    39
         Searing Ray       |     5 |    38 |    11 ||    54
    Use: Potion            |       |       |     1 ||     1
 Armour: Skin              |     8 |     7 |    15 ||    30
  Dodge: Dodged            |     5 |     5 |     7 ||    17

Table legend: (Time is in decaauts)
 A = Elapsed time spent in this place.
 B = Non-inter-level travel time spent in this place.
 C = Inter-level travel time spent in this place.
 D = Time resting spent in this place.
 E = Time spent auto-exploring this place.
 F = Levels seen in this place.
 G = Mean time per level.
                   A        B        C        D        E       F      G
               +--------+--------+--------+--------+--------+-----+--------+
         Total |   4622 |   4483 |    139 |    634 |   3281 |   6 |  770.3 |
       Dungeon |   4612 |   4476 |    136 |    634 |   3281 |   5 |  922.4 |
        Temple |     10 |      7 |      3 |      0 |      0 |   1 |   10.0 |
               +--------+--------+--------+--------+--------+-----+--------+

Top non-repeatable levels by time:
     D:4: 1321 daAuts
     D:2: 1287 daAuts
     D:3: 975 daAuts
     D:1: 849 daAuts
     D:5: 178 daAuts
  Temple: 10 daAuts
